 Dungeon Crawl Stone Soup version 0.19-a0-1932-g59670f6 (webtiles) character file.

337 dobroeutro the Shooter (level 6, 0/52 HPs)
             Began as a Centaur Hunter on Oct 25, 2016.
             Was an Initiate of Okawaru.
             Slain by an orc wizard
             ... wielding a +0 dagger
              (1 damage)
             ... on level 4 of the Dungeon.
             The game lasted 00:04:25 (3962 turns).

dobroeutro the Shooter (Centaur Hunter)             Turns: 3962, Time: 00:04:26

Health: 0/52       AC:  6    Str: 16    XL:     6   Next: 28%
Magic:  6/6        EV:  9    Int: 10    God:    Okawaru [......]
Gold:   224        SH:  0    Dex: 10    Spells: 0 memorised, 5 levels left

rFire  . . .     SeeInvis .     q - +0 rapier
rCold  + . .     Gourm    .     c - +0 leather armour
rNeg   . . .     Faith    .     (no shield)
rPois  .         Spirit   .     u - +2 hat
rElec  .         Reflect  .     (no cloak)
rCorr  .         Harm     .     (no gloves)
MR     +....                    (no barding)
Stlth  +.........               v - amulet of magic regeneration
                                x - ring of protection from magic
                                l - ring of protection from cold

@: very quick
A: hooves 3, deformed body, speed 2, tough skin 3
a: Renounce Religion


You were on level 4 of the Dungeon.
You worshipped Okawaru.
Okawaru was noncommittal.
You were not hungry.

You visited 2 branches of the dungeon, and saw 6 of its levels.

You collected 224 gold pieces.

Inventory:

Hand Weapons
 a - a +1 shortbow
 b - a +0 short sword
 q - a +0 rapier (weapon)
Missiles
 d - 61 arrows
Armour
 c - a +0 leather armour (worn)
 u - a +2 hat (worn)
Jewellery
 l - a ring of protection from cold (left hand)
 v - an amulet of magic regeneration (around neck)
 x - a ring of protection from magic (right hand)
Scrolls
 g - 3 scrolls of fear {unknown}
 j - a scroll of enchant armour {unknown}
 m - 4 scrolls of amnesia {unknown}
 n - 3 scrolls of teleportation {unknown}
 o - 3 scrolls of blinking {unknown}
 p - 3 scrolls of identify {unknown}
 t - 2 scrolls of magic mapping {unknown}
 w - a scroll of immolation {unknown}
 z - 2 scrolls of fog {unknown}
 A - a scroll of enchant weapon {unknown}
 B - a scroll of remove curse {unknown}
Potions
 e - 2 potions of resistance {unknown}
 h - 2 potions of curing {unknown}
 i - 3 potions of heal wounds {unknown}
 k - 4 potions of lignification {unknown}
Books
 y - a book of Changes

   Spells                             Type                      Level
   a - Beastly Appendage              Transmutation                1
   b - Sticks to Snakes               Transmutation                2
   c - Spider Form                    Transmutation/Poison         3
   d - Ice Form                       Ice/Transmutation            4
   e - Blade Hands                    Transmutation                5
Comestibles
 f - 2 bread rations
 r - 2 meat rations
 s - 2 slices of pizza


   Skills:
 + Level 3.9 Fighting
 + Level 3.3 Short Blades
 + Level 7.2 Bows
 - Level 1.3 Dodging
 - Level 0.4 Stealth


You had 5 spell levels left.
You didn't know any spells.

Dungeon Overview and Level Annotations

Branches:
Dungeon (5/15)             Temple (1/1) D:4

Altars:
Ashenzari
Cheibriados
Dithmenos
Elyvilon
Fedhas
Gozag
Kikubaaqudgha
Nemelex Xobeh
Okawaru
Uskayaw
Yredelemnul
Zin


Innate Abilities, Weirdness & Mutations

You have hooves in place of feet.
Armour fits poorly on your strangely shaped body.
You cover ground very quickly.
You have extremely tough skin. (AC +3)


Message History

* * * LOW HITPOINT WARNING * * *
You hit the orc wizard.
The orc wizard is heavily wounded.
The orc wizard casts a spell at you. The magic dart hits you!
* * * LOW HITPOINT WARNING * * *
The orc wizard barely misses you.
You hit the orc wizard.
The orc wizard is severely wounded.
The orc wizard hits you with a dagger.
* * * LOW HITPOINT WARNING * * *
You closely miss the orc wizard.
The orc wizard is severely wounded.
The orc wizard is no longer moving quickly.
The orc wizard hits you but does no damage. x2
You hit the orc wizard but do no damage.
You kick the orc wizard, but do no damage.
The orc wizard is severely wounded.
The orc wizard hits you with a dagger.
You die...

..........# ##......## ##..
..........## ##........# #..
...........## ##.........# #..
............# #..........## ##.
#.#........## #...........# #.
..########## ##...........# ##
..## #...........## ...###
#..........## .....####
#@>.......## #### ..##....###
#o......### ##... ..#####...####
#......## ###....
......###....####....## ##......
..........#....###..## ##.......
....รท......##.......#####........
.#.........####....###...........
.##........# ###................
.###.......# ##.######........


You could see an orc wizard.

Vanquished Creatures
  A howler monkey (D:4)
  2 hounds (D:4)
  A centaur skeleton (D:4)
  A jelly (D:5)
  2 worker ants (D:4)
  6 adders
  4 dart slugs
  3 leopard geckos
  An orc (D:4)
  A ball python (D:3)
  3 bats
  7 giant cockroaches
  9 goblins
  10 hobgoblins
  3 jackals (D:2)
  3 quokkas
  3 frilled lizards
  3 kobolds (D:1)
  8 rats
71 creatures vanquished.

Notes
Turn   | Place    | Note
-------+----------+-------------------------------------------
     0 | D:1      | dobroeutro the Centaur Hunter began the quest for the Orb.
     0 | D:1      | Reached XP level 1. HP: 17/17 MP: 1/1
   420 | D:1      | Reached XP level 2. HP: 23/24 MP: 2/2
   889 | D:1      | Reached skill level 1 in Short Blades
  1014 | D:2      | Reached XP level 3. HP: 30/30 MP: 3/3
  1403 | D:2      | Reached skill level 6 in Bows
  2089 | D:2      | Reached XP level 4. HP: 33/37 MP: 4/4
  2686 | D:4      | Reached XP level 5. HP: 42/45 MP: 5/5
  2937 | D:4      | Found a staircase to the Ecumenical Temple.
  3025 | Temple   | Entered the Ecumenical Temple
  3474 | D:4      | Found an iron altar of Okawaru.
  3487 | D:4      | Became a worshipper of Warmaster Okawaru
  3503 | D:4      | Reached XP level 6. HP: 49/52 MP: 6/6
  3662 | D:4      | Reached skill level 7 in Bows
  3802 | D:5      | Entered Level 5 of the Dungeon
  3857 | D:5      | Found a basalt altar of Yredelemnul.
  3858 | D:5      | Found a snail-covered altar of Cheibriados.
  3960 | D:4      | HP: 1/52 [orc wizard/dagger (2)]
  3962 | D:4      | Slain by an orc wizard

Vault maps used:
D:1:      matt_arrival_refuge, serial_forest, infiniplex_forest_lined_ring,
          infiniplex_forest_end_2, infiniplex_forest_end_double,
          infiniplex_forest_end_2, infiniplex_forest_clump_small,
          infiniplex_forest_clump_small, infiniplex_forest_zigzag_2,
          minmay_misc_feat_enclosed, serial_park_tiny_pond
D:2:      first_bread
D:3:      serial_glass, glass_columns_a, glass_columns_a
D:4:      nicolae_overflow_crystal_walls
D:5:      grunt_temple_overflow_champion_of_chaos,
          gammafunk_temple_overflow_statue
Temple:   compressed_dpeg_triangle_lava_temple

Skill      XL: |  1  2  3  4  5  6 |
---------------+-------------------+-----
Short Blades   | 1 2 3 |  3.3
Bows           | 6 7 |  7.2
Fighting       | 3 |  3.9
Dodging        | |  1.3
Stealth        | |  0.4

Action                   |  1- 3 |  4- 6 || total
-------------------------+-------+-------++-------
Melee: Short sword       |    93 |       ||    93
       Kick              |    23 |    24 ||    47
       Rapier            |    51 |   126 ||   177
  Eat: Chunk             |     3 |     5 ||     8
Armor: Leather armour    |    71 |    79 ||   150
Dodge: Dodged            |    69 |    61 ||   130
